 Dungeon Crawl Stone Soup version 0.28-a0-206-gc2c9e32840 (webtiles) character file.

Game seed: 13320789306570375447

71 tatocazan the Skirmisher (level 4, 0/35 HPs)
             Began as a Demonspawn Fighter on Aug 20, 2021.
             Killed from afar by a goblin (5 damage)
             ... with a puff of flame
             ... led by Robin
             ... on level 2 of the Dungeon.
             The game lasted 00:01:47 (1747 turns).

tatocazan the Skirmisher (Demonspawn Fighter)       Turns: 1747, Time: 00:01:47

Health: 0/35       AC:  6    Str: 17    XL:     4   Next: 5%
Magic:  4/4        EV:  7    Int: 10    God:
Gold:   110        SH: 13    Dex: 12    Spells: 3/3 levels left

rFire   . . .      SeeInvis .   a - +0 war axe
rCold   . . .      Faith    .   c - +0 kite shield
rNeg    . . .      Spirit   .   b - +0 scale mail
rPois   .          Reflect  +   (no helmet)
rElec   .          Harm     .   k - scarf {shadows}
rCorr   .          Rampage  .   (no gloves)
Will    .....                   (no boots)
Stlth   ..........              h - amulet of reflection
HPRegen 0.11/turn               (no ring)
MPRegen 0.09/turn               (no ring)

@: no status effects
A: demonic guardian 1, powered by pain 1
a: no special abilities


You were on level 2 of the Dungeon.
You visited 1 branch of the dungeon, and saw 2 of its levels.

You collected 110 gold pieces.

Inventory:

Hand Weapons
 a - a +0 war axe (weapon)
Missiles
 i - 7 atropa-tipped darts (quivered)
Armour
 b - a +0 scale mail (worn)
 c - a +0 kite shield (worn)
 k - a scarf of shadows (worn)
Jewellery
 h - an amulet of reflection (around neck)
Scrolls
 g - 2 scrolls of identify {unknown}
 j - a scroll of holy word {unknown}
 l - a scroll of teleportation {unknown}
 m - a scroll of immolation {unknown}
 n - a scroll of acquirement {unknown}
Potions
 d - 2 potions of might
 e - a potion of heal wounds {unknown}
 f - 2 potions of curing {unknown}
 o - a potion of ambrosia {unknown}


   Skills:
 + Level 3.4 Fighting
 * Level 2.8 Axes
 + Level 3.1 Armour
 + Level 3.1 Shields


You had 3 spell levels left.
You didn't know any spells.
Your spell library was empty.

Dungeon Overview and Level Annotations

Branches:
Dungeon (2/15)

Altars:


Innate Abilities, Weirdness & Mutations

A weak demonic guardian rushes to your aid.
You sometimes gain a little power by taking damage.


Message History

You are too injured to fight recklessly!
You hit the hobgoblin.
You kill the hobgoblin!
You completely miss the goblin. The goblin hits you but does no damage.
Robin's horned helmet rattles.
Robin hits you but does no damage. You block the goblin's attack.
Robin hits you from afar with a +0 trident.
You take 2 damage, and have 14/29 hp.
You block Robin's attack.
Things that are here:
a +0 club; a hobgoblin corpse You hit Robin.
Robin is moderately wounded.
You closely miss the goblin. You block the goblin's attack.
Robin hits you with a +0 trident.
* * * LOW HITPOINT WARNING * * *
You take 6 damage, and have 8/29 hp.
MASSIVE DAMAGE!!
You barely miss Robin.
Robin is moderately wounded.
You slash the goblin!
You kill the goblin!
You block Robin's attack. Robin hits you but does no damage.
You hit Robin.
Robin is heavily wounded.
Robin hits you with a +0 trident.
* * * LOW HITPOINT WARNING * * *
You take 5 damage, and have 3/29 hp.
You slash Robin!
You kill Robin!
A goblin comes into view.
It is wielding a +0 club and carrying a wand of flame (18).
You have reached level 4!
You feel clever.
Your demonic ancestry asserts itself...
You feel the presence of a demonic guardian.
MP restored: 4
Things that are here:
a +0 club; a goblin corpse
Things that are here:
a +0 club; a goblin corpse The goblin zaps a wand.
The puff of flame hits you.
You die...

...............#
#########
..###########..##
..'÷..#######...#
..###.........#)##
..#############..#
..'......†....##.#
..###########.##^#
..# #.##.## ###
#.##@.###.#
#..)))g...#
#####.##### ..#
#.# .. #+#


You could see a goblin.

Vanquished Creatures
  Jessica (D:2)
  Robin (D:2)
  An endoplasm (D:2)
  10 goblins
  3 hobgoblins
  4 kobolds
  2 quokkas (D:2)
  2 ball pythons (D:2)
  4 bats
  A frilled lizard (D:1)
  2 rats
31 creatures vanquished.

Notes
Turn   | Place    | Note
-------+----------+-------------------------------------------
     0 | D:1      | tatocazan the Demonspawn Fighter began the quest for the
                  | Orb.
     0 | D:1      | Reached XP level 1. HP: 18/18 MP: 1/1
     9 | D:1      | Found a faded altar of an unknown god.
   607 | D:1      | Gained mutation: You sometimes gain a little power by
                  | taking damage. [demonic ancestry]
   607 | D:1      | Reached XP level 2. HP: 21/24 MP: 2/2
  1353 | D:2      | Noticed Jessica
  1361 | D:2      | Killed Jessica
  1362 | D:2      | Reached XP level 3. HP: 25/29 MP: 3/3
  1730 | D:2      | Noticed Robin
  1743 | D:2      | Killed Robin
  1744 | D:2      | Gained mutation: A weak demonic guardian rushes to your
                  | aid. [demonic ancestry]
  1744 | D:2      | Reached XP level 4. HP: 4/35 MP: 4/4
  1747 | D:2      | Killed from afar by a goblin

Illustrated notes

Levels and vault maps discovered:
D:1:      minmay_arrival_solitary_statue, layout_loops_ring,
          hellmonk_ecumenical_altar_run_dry, chequers_serial_rivers_large_a,
          bh_walls_and_bars
D:2:      layout_basic, uniq_jessica, uniq_crazy_yiuf_cottage, uniq_robin

Skill      XL: |  1  2 |
---------------+-------+-----
Axes           | 2 |  2.8
Armour         | 3 |  3.1
Shields        | 3 |  3.1
Fighting       | |  3.4

Action                   |  1- 3 |  4- 6 || total
-------------------------+-------+-------++-------
Melee: War axe           |   119 |       ||   119
Armor: Scale mail        |    58 |       ||    58
Dodge: Dodged            |    24 |       ||    24
Block: Kite shield       |   115 |       ||   115
       Reflection        |     1 |       ||     1

Table legend: (Time is in decaauts)
 A = Elapsed time spent in this place.
 B = Non-inter-level travel time spent in this place.
 C = Inter-level travel time spent in this place.
 D = Time resting spent in this place.
 E = Time spent auto-exploring this place.
 F = Levels seen in this place.
 G = Mean time per level.
                   A        B        C        D        E       F      G
               +--------+--------+--------+--------+--------+-----+--------+
         Total |   1833 |   1763 |     70 |    292 |   1173 |   2 |  916.5 |
       Dungeon |   1833 |   1763 |     70 |    292 |   1173 |   2 |  916.5 |
               +--------+--------+--------+--------+--------+-----+--------+

Top non-repeatable levels by time:
     D:1: 1225 daAuts
     D:2: 607 daAuts
